Map: Ley Lines

Players

KimChiLoVer - Winner!

  • Race: Terran Terran
  • Spawn Location: 1:00

VOD

Have the link to the VOD?

Description

Time

  • Played on: Aug. 12, 2025, 8:14 p.m.
  • Length: 10:25
Show
View Real Time Build Order
Export as new Build Order

KimChiLoVer Terran - Winner!

Build Orders: Reaper Expand 

Get SALT Encoding   

  12  0:02  SCV  
  12  0:15  SCV  
  12  0:19  Supply Depot  
  12  0:27  SCV  
  12  0:41  SCV  
  12  0:42  Barracks  
  12  0:45  Refinery  
  12  0:54  SCV  
  12  1:06  SCV  
  12  1:18  SCV  
  12  1:30  Orbital Command  
  12  1:31  Reaper  
  12  1:40  Command Center  
  12  1:50  Supply Depot  
  12  1:56  SCV  
  12  2:03  Marine  
  12  2:06  Factory  
  12  2:10  Refinery  
  12  2:11  SCV  
  12  2:23  Barracks Reactor, SCV  
  12  2:35  SCV  
  12  2:41  Barracks  
  12  2:45  Barracks  
  12  2:47  SCV  
  12  2:51  Factory Tech Lab  
  12  2:54  Orbital Command  
  12  3:01  Marine  
  12  3:02  Marine  
  12  3:04  SCV  
  12  3:16  SCV  
  12  3:19  Marine x2  
  12  3:24  SCV  
  12  3:34  Command Center  
  12  3:35  Marine  
  12  3:39  SCV  
  12  3:40  SCV  
  12  3:49  Factory Reactor  
  12  3:50  Starport  
  12  3:53  SCV  
  12  3:54  SCV  
  12  4:02  Engineering Bay  
  12  4:05  Engineering Bay, SCV  
  12  4:09  Stimpack  
  12  4:10  Marine  
  12  4:18  Supply Depot  
  12  4:21  Marine, Supply Depot  
  12  4:22  Marine  
  12  4:25  SCV  
  12  4:26  SCV  
  12  4:35  Terran Infantry Weapons Level 1  
  12  4:36  Terran Infantry Armor Level 1  
  12  4:39  Factory Tech Lab  
  12  4:42  Medivac x2  
  12  4:46  SCV  
  12  4:52  Marine x4  
  12  5:01  Barracks  
  12  5:04  Barracks  
  12  5:05  Orbital Command  
  12  5:07  SCV  
  12  5:09  SCV  
  12  5:15  Siege Tank  
  12  5:17  Marine  
  12  5:18  Barracks Tech Lab  
  12  5:19  Marine x2  
  12  5:24  SCV  
  12  5:25  SCV, Orbital Command  
  12  5:27  Refinery  
  12  5:28  Refinery  
  12  5:36  SCV  
  12  5:38  Combat Shield  
  12  5:41  SCV  
  12  5:45  Armory, Supply Depot  
  12  5:47  Supply Depot  
  12  5:50  Barracks Tech Lab  
  12  5:51  Marine x2  
  12  5:52  Barracks Reactor  
  12  5:53  Marine x2, SCV  
  12  5:58  SCV  
  12  6:10  SCV x2  
  12  6:12  Marauder x2  
  12  6:18  Viking x2  
  12  6:21  SCV  
  12  6:22  SCV x2  
  12  6:32  Barracks  
  12  6:34  Barracks  
  12  6:35  Terran Infantry Weapons Level 2, SCV  
  12  6:36  Barracks  
  12  6:38  Terran Infantry Armor Level 2  
  12  6:45  Marine x2  
  12  6:46  Marine x2  
  12  6:50  Medivac  
  12  6:58  Refinery  
  12  6:59  Refinery  
  12  7:00  Medivac  
  12  7:07  Supply Depot  
  12  7:08  Supply Depot  
  12  7:12  Concussive Shells  
  12  7:20  Starport  
  12  7:28  Marine x3, Marauder, SCV x3  
  12  7:29  Marine, Marauder x2  
  12  7:30  Barracks Reactor  
  12  7:31  Barracks Reactor  
  12  7:35  Barracks Tech Lab  
  12  7:46  Marine x3  
  12  7:47  Marine  
  12  7:50  Marauder  
  12  7:51  Marauder x2  
  12  7:54  SCV  
  12  8:03  Starport Reactor  
  12  8:07  Supply Depot  
  12  8:08  Supply Depot  
  12  8:15  Command Center  
  12  8:20  Marine x2  
  12  8:21  Marauder, Supply Depot, Medivac x2  
  12  8:23  Supply Depot  
  12  8:28  Marine x2, SCV  
  12  8:29  SCV x2  
  12  8:30  Marine x3  
  12  8:31  Marine  
  12  8:35  Siege Tank  
  12  8:41  SCV x3  
  12  8:47  Marine x3  
  12  8:48  Marine x3  
  12  8:53  SCV  
  12  8:54  Supply Depot  
  12  8:55  Marine, Marauder, Supply Depot  
  12  8:56  Medivac x2  
  12  9:10  Marine, Marauder  
  12  9:27  Command Center  
  12  9:29  Supply Depot  
  12  9:31  Supply Depot  
  12  9:34  Marine x5, Marauder x2  
  12  9:35  Marine  
  12  9:36  Marine  
  12  9:37  SCV  
  12  9:38  SCV  
  12  9:39  SCV  
  12  9:43  Orbital Command  
  12  9:48  Marine  
  12  9:49  Marauder x2  
  12  9:51  Viking  
  12  10:01  Marine  
  12  10:02  Marine x2  
Tags
 
Add a new tag
Caveats
  • Supply blocks, unpowered buildings, or Contaminate may cause inaccurate times.
  • Supply counts are checked every 10 seconds.